 Dungeon Crawl Stone Soup version 0.20-a0-792-g09bcfd3 (webtiles) character file.

42 esteth the Poker (level 3, 0/27 HPs)
             Began as a Merfolk Skald on Feb 28, 2017.
             Succumbed to an adder's poison
             ... on level 3 of the Dungeon.
             The game lasted 00:03:23 (1074 turns).

esteth the Poker (Merfolk Skald)                    Turns: 1074, Time: 00:03:24

Health: 0/27       AC:  4    Str: 11    XL:     3   Next: 56%
Magic:  6/6        EV: 12    Int: 12    God:
Gold:   67         SH:  4    Dex: 14    Spells: 3/6 levels left

rFire    . . .     SeeInvis .   a - +0 spear
rCold    . . .     Gourm    .   b - +0 leather armour
rNeg     . . .     Faith    .   (no shield)
rPois    .         Spirit   .   (no helmet)
rElec    .         Reflect  .   l - +0 cloak (curse)
rCorr    .         Harm     .   (no gloves)
MR       .....                  (no boots)
Stlth    +.........             (no amulet)
Regen    0.0/turn               (no ring)
MPRegen  0.1/turn               (no ring)

@: lethally poisoned (0 -> -11)
A: change form in water, swift swim, stealthy swim, large bone plates 1, sense
surroundings 1, inhibited regeneration
a: no special abilities


You were on level 3 of the Dungeon.
You were hungry.

You visited 1 branch of the dungeon, and saw 3 of its levels.

You collected 67 gold pieces.

Inventory:

Hand Weapons
 a - a +0 spear (weapon)
Armour
 b - a +0 leather armour (worn)
 l - a cursed +0 cloak (worn)
Scrolls
 e - a scroll of amnesia {unknown}
 g - 2 scrolls of identify
 j - a scroll of teleportation {unknown}
 m - 2 scrolls of recharging
 o - a scroll of enchant weapon {unknown}
Books
 c - a book of Battle

   Spells                             Type                      Level
   a - Infusion                       Charms                       1
   b - Shroud of Golubria             Charms/Translocation         2
   c - Song of Slaying                Charms                       2
   d - Spectral Weapon                Hexes/Charms                 3
   e - Regeneration                   Charms/Necromancy            3
Comestibles
 d - 2 bread rations
 i - 5 fruits
 k - a royal jelly


   Skills:
 - Level 2.1 Fighting
 + Level 5.6 Polearms
 - Level 0.6 Armour
 - Level 2.6 Dodging
 - Level 2.0 Spellcasting
 - Level 3.2 Charms


You had 3 spell levels left.
You knew the following spells:

 Your Spells              Type           Power        Failure   Level  Hunger
a - Infusion              Chrm           #...         12%         1    ##.....
b - Shroud of Golubria    Chrm/Tloc      #.........   30%         2    ###....


Dungeon Overview and Level Annotations

Branches:
Dungeon (3/15)

Altars:

Annotations:
D:2 Ijyb, Sigmund


Innate Abilities, Weirdness & Mutations

You revert to your normal form in water.
You are very nimble and swift while swimming.
You are very stealthy in the water. (Stealth+)
You are partially covered in large bone plates. (SH +4)
You passively map a small area around you.
You do not regenerate when monsters are visible.


Message History

You climb downwards.
A bat comes into view.
* * * LOW HITPOINT WARNING * * *
You feel sick.
Found 18 stones, a ring mail, a meat ration and a pink potion.
Found an escape hatch in the ceiling.
There is a stone staircase leading up here.
You aren't carrying any potions.
As you read the scroll labeled OHIPIOSOPUM, it crumbles to dust.
It is a scroll of identify.
m - 2 scrolls of recharging
* * * LOW HITPOINT WARNING * * *
You feel sick. The adder misses you.
Evoke which item? (* to show all) (? for menu, Esc to quit)
Okay, then.
You hit the adder but do no damage. The adder bites you.
* * * LOW HITPOINT WARNING * * *
You block the bat's attack.
You miss the adder.
You die...

* * * **
##.#.##### .#
,,........#
..# *
#.!...#.##..#
#.....#......
*
###....<.....
, *
......%[...#,
,*
#....S....#...
#.....@b......
*
#.####........
, ...#....# *
** ###.# ####
, , * .# * .#
*.#* * * * *..
,, , * *


You could see an adder and a bat.

Vanquished Creatures
  3 oozes (D:1)
  A dart slug (D:1)
  3 giant cockroaches
  2 hobgoblins
  2 jackals (D:1)
  2 ball pythons
  3 bats
  2 frilled lizards (D:1)
  5 goblins (D:1)
  5 rats
28 creatures vanquished.

Notes
Turn   | Place    | Note
-------+----------+-------------------------------------------
     0 | D:1      | esteth the Merfolk Skald began the quest for the Orb.
     0 | D:1      | Reached XP level 1. HP: 16/16 MP: 3/3
   248 | D:1      | Reached skill level 4 in Polearms
   248 | D:1      | Reached XP level 2. HP: 21/22 MP: 5/5
   252 | D:1      | Learned a level 2 spell: Shroud of Golubria
   408 | D:1      | Reached skill level 5 in Polearms
   408 | D:1      | Reached XP level 3. HP: 23/27 MP: 6/6
   821 | D:2      | Gained mutation: You do not regenerate when monsters are visible. [potion of mutation]
   821 | D:2      | Gained mutation: You passively map a small area around you. [potion of mutation]
   821 | D:2      | Gained mutation: You are partially covered in large bone plates. (SH +4) [potion of mutation]
   908 | D:2      | Noticed Sigmund
  1020 | D:2      | Noticed Ijyb
  1073 | D:3      | HP: 1/27 [adder (3)]
  1074 | D:3      | Succumbed to an adder's poison

Vault maps used:
D:1:      minmay_arrival_radiant_lines
D:2:      first_bread, uniq_iyjb, uniq_sigmund, uniq_jessica
D:3:      uniq_grinder

Skill      XL: |  1  2 |
---------------+-------+-----
Polearms       | 4 5 |  5.6
Fighting       | |  2.1
Armour         | |  0.6
Dodging        | |  2.6
Spellcasting   | |  2.0
Charms         | |  3.2

Action                   || total
-------------------------++-------
Melee: Spear             ||    83
  Use: Potion            ||     2
       Scroll            ||     1
 Stab: Sleeping          ||     1
Armor: Leather armour    ||    23
Dodge: Dodged            ||    49
Block: Other             ||     3
